 Dungeon Crawl Stone Soup version 0.27-a0-287-gd4424db430 (webtiles) character file.

Game seed: 16398258041263631621

32 dickylongcocking the Insei (level 3, -2/24 HPs)
             Began as an Octopode Transmuter on Feb 8, 2021.
             Slain by an adder (4 damage)
             ... on level 1 of the Dungeon.
             The game lasted 00:00:52 (1433 turns).

dickylongcocking the Insei (Octopode Transmuter)    Turns: 1433, Time: 00:00:52

Health: -2/24      AC:  1    Str:  9    XL:     3   Next: 27%
Magic:  13/15      EV: 13    Int: 16    God:
Gold:   100        SH:  0    Dex: 12    Spells: 0/6 levels left

rFire    . . .     SeeInvis .     - Unarmed
rCold    . . .     Faith    .   (no shield)
rNeg     . . .     Spirit   .   (helmet currently unavailable)
rPois    .         Reflect  .   (no amulet)
rElec    .         Harm     .   b - ring of magical power
rCorr    .         Rampage  .   (no ring)
Will     .....                  (no ring)
Stlth    ++........             (no ring)
HPRegen  0.08/turn              (no ring)
MPRegen  0.14/turn              (no ring)
                                (no ring)
                                (no ring)

@: appendages (expiring), wereblooded
A: almost no armour, stealthy swim, amphibious, 8 rings, constrict 8, tentacle
spike 3, camouflage 1, gelatinous body 1
a: End Transformation


You were on level 1 of the Dungeon.
One of your tentacles had a temporary spike.
You visited 1 branch of the dungeon, and saw 2 of its levels.

You collected 100 gold pieces.

Inventory:

Jewellery
 b - a ring of magical power (left tentacle)
Scrolls
 a - a scroll of remove curse {unknown}
 c - a scroll of immolation {unknown}
 d - a scroll of teleportation {unknown}
 e - a scroll of blinking {unknown}
 f - a scroll of noise {unknown}
 g - a scroll of identify {unknown}


   Skills:
 * Level 2.2 Fighting
 - Level 2.0 Dodging
 * Level 3.6 Unarmed Combat
 - Level 2.0 Spellcasting
 - Level 2.0 Transmutations


You couldn't memorise any spells.
You knew the following spells:

 Your Spells              Type           Power        Failure   Level
a - Beastly Appendage     Tmut           16%          9%          1
b - Spider Form           Tmut/Pois      2%           38%         3
c - Wereblood             Tmut           8%           14%         2

Your spell library contained the following spells:

 Spells                   Type           Power        Failure   Level
 Ice Form                 Ice/Tmut       4%           80%         4
 Blade Hands              Tmut           4%           94%         5


Dungeon Overview and Level Annotations

Branches:
Dungeon (2/15)

Altars:


Innate Abilities, Weirdness & Mutations

You cannot wear most types of armour.
You are very stealthy in the water. (Stealth+)
You are amphibious.
You can wear up to eight rings at the same time.
You can use your tentacles to constrict eight enemies at once.
Your skin changes colour to match your surroundings (Stealth+).
Your rubbery body absorbs attacks. (AC +1, EV +1)
One of your tentacles bears a large vicious spike.


Message History

Unknown command.
You tentacle-slap the kobold but do no damage.
You squeeze the kobold.
You kill the kobold!
The adder barely misses you.
Unknown command.
Unknown command.
You tentacle-slap the adder. Your grab misses the adder.
Your tentacle-slap misses the adder.
The adder is moderately wounded.
The adder barely misses you. The worm misses you. The adder bites you.
* * * LOW HITPOINT WARNING * * *
Unknown command.
Items here: $ ) [ รท.
Unknown command.
You tentacle-slap the adder. You grab the adder.
The adder is almost dead.
You howl as the wereblood boils in your veins!
You constrict the adder. The adder bites you.
You die...

#.##.#.###.##...#.###.)...#
##.##.#.##..##.##.#.#)##.#.#
#...#...##.###.##.#...##.#.#
..#........# #.............#
#...#..##### #.##.#...##.#.#
##.##..#######.##....###.#.#
#..........##.#####.# #.#.#
####..####.##.#####.# #.#.#
# #.........#S@....# #.#.#
######.#######w#####.# #.#.#
...###.# ### #.# #.#.######
.....#.# #.# #.#.......
.......# #.# #.........
...##..# #.# ##########
..#....# #.# # .#.....#
#.############ ##.....#
#.............


You could see a worm and an adder.

Vanquished Creatures
  A worm (D:2)
  A giant cockroach (D:1)
  3 hobgoblins (D:1)
  4 jackals (D:1)
  A quokka (D:1)
  3 bats (D:1)
  A frilled lizard (D:1)
  4 goblins (D:1)
  7 kobolds (D:1)
  3 rats (D:1)
28 creatures vanquished.

Notes
Turn   | Place    | Note
-------+----------+-------------------------------------------
     0 | D:1      | dickylongcocking the Octopode Transmuter began the quest
                  | for the Orb.
     0 | D:1      | Reached XP level 1. HP: 13/13 MP: 3/3
   134 | D:1      | Reached XP level 2. HP: 12/18 MP: 3/5
   800 | D:1      | Reached XP level 3. HP: 24/24 MP: 6/6
  1419 | D:1      | Learned a level 3 spell: Spider Form
  1422 | D:1      | Learned a level 2 spell: Wereblood
  1433 | D:1      | Slain by an adder

Illustrated notes

Levels and vault maps discovered:
D:1:      minmay_arrival_jagged, layout_loops_ring, minmay_misc_feat_chi
D:2:      layout_rooms, general_overflow_altar, serial_undead, serial_undead_f,
          serial_undead_f, serial_undead_f, serial_undead_e

Skill      XL: |  1  2 |
---------------+-------+-----
Fighting       | 2 |  2.2
Dodging        | |  2.0
Unarmed Combat | |  3.6
Spellcasting   | |  2.0
Transmutations | |  2.0

Action                   || total
-------------------------++-------
Melee: Unarmed           ||    64
       Constrict         ||    23
       Tentacles         ||    13
       Kick              ||     6
       Punch             ||     1
 Cast: Beastly Appendage ||     6
       Wereblood         ||     1
 Stab: Sleeping          ||     5
Armor: Skin              ||     3
Dodge: Dodged            ||    49

Table legend: (Time is in decaauts)
 A = Elapsed time spent in this place.
 B = Non-inter-level travel time spent in this place.
 C = Inter-level travel time spent in this place.
 D = Time resting spent in this place.
 E = Time spent auto-exploring this place.
 F = Levels seen in this place.
 G = Mean time per level.
                   A        B        C        D        E       F      G
               +--------+--------+--------+--------+--------+-----+--------+
         Total |   1429 |   1393 |     36 |    316 |    897 |   2 |  714.5 |
       Dungeon |   1429 |   1393 |     36 |    316 |    897 |   2 |  714.5 |
               +--------+--------+--------+--------+--------+-----+--------+

Top non-repeatable levels by time:
     D:1: 1411 daAuts
     D:2: 17 daAuts
